 Dungeon Sprint DCSS version 0.30.1-11-g7821555f0a (webtiles) character file.

Game seed: 13385475731485296403

1000000 boopmooplesden the Covered (level 1, -65/19 HPs)
             Began as an Armataur Fighter on Nov 8, 2023.
             Was an Initiate of Makhleb.
             Annihilated by a meat berserker
             ... wielding a +9 battleaxe
              (84 damage)
             ... in the Dungeon (Sprint VIII: "Arena of Blood").
             The game lasted 00:00:21 (10 turns).

boopmooplesden the Covered (Armataur Fighter)         Turns: 10, Time: 00:00:22

Health: -65/19     AC:  6    Str: 21    XL:     1   Next: 0%
Magic:  1/1        EV:  7    Int:  8    God:    Makhleb [......]
Gold:   0          SH:  0    Dex:  9    Spells: 0/0 levels left

rFire   . . .        k - +∞ Axe of Woe
rCold   . . .        (shield currently unavailable)
rNeg    . . .        b - +0 scale mail
rPois   .            (no helmet)
rElec   .            (no cloak)
rCorr   .            (no gloves)
SInv    .            (no barding)
Will    .....        (no amulet) Stlth
                     (no ring)
HPRegen 0.23/turn    (no ring)
MPRegen 0.07/turn

%: no teleportation, roll
@: no status effects
A: large, rugged brown scales 3, deformed body, armoured tail, roll, long
tongue, awkward tongue
a: Renounce Religion


You were in the Dungeon.
You worshipped Makhleb.
Makhleb was noncommittal.
You visited 1 branch

Inventory:

Hand Weapons
 a - a +0 war axe
 k - the +∞ Axe of Woe (weapon)
   (You found it in the Dungeon)
Armour
 b - a +0 scale mail (worn)
 c - a +0 buckler
Scrolls
 j - a scroll of blinking
Potions
 d - a potion of might
 e - a potion of curing
 f - a potion of heal wounds
 g - a potion of haste
 h - 2 potions of magic
 i - a potion of berserk rage


   Skills:
 + Level 2.6 Fighting
 + Level 1.5 Axes
 + Level 3.6 Armour
 + Level 3.2 Shields


You couldn't memorise any spells.
You didn't know any spells.
Your spell library was empty.

Dungeon Overview and Level Annotations

Branches:
Dungeon (1/1)

Altars:
Makhleb


Innate Abilities, Weirdness & Mutations

You are completely covered in rugged brown scales. (AC +3, +7% HP)
Armour fits poorly on your strangely shaped body.
You have a long armoured tail.
You roll when moving toward enemies. (Rampage)
Your long tongue fully drains potion bottles. (2x potion effects)
Your tongue gives you trouble enunciating. (1.5x scroll delay)


Message History

Press ? for a list of commands and other information.
Found the +∞ Axe of Woe.
Found four burning altars of Makhleb.
Found a staircase leading out of the dungeon.
Unknown command.
k - the +∞ Axe of Woe You hear a shout! x5
Keep disrobing? [Y]es or [N]o only, please.
Keep disrobing?
You start removing your armour.
You continue taking off your +0 buckler.
The bag of meat shouts!
You hear a shout! x5
You continue taking off your +0 buckler.
The bag of meat shouts! x2; You hear a shout! x4
You continue taking off your +0 buckler.
The bag of meat shouts!
You hear a shout! x12
You continue taking off your +0 buckler.
You hear a shout! x4
You finish taking off your +0 buckler.
Unknown command.
k - the +∞ Axe of Woe (weapon)
You hear a shout! x5
Unknown command.
You hear a shout! x13
A bag of meat comes into view. It is wielding a +9 war axe.
You hear a shout!
The bag of meat shouts!
You hear a shout! x9
There is a burning altar of Makhleb here.
You kneel at the altar of Makhleb.
Makhleb welcomes you!
You hear a shout! x10
You slash the bag of meat!
You pulverise the bag of meat into a thin bloody mist.
You kill the bag of meat!
Makhleb accepts your kill.
You hear a shout! x9
The meat berserker hits you with a +9 battleaxe!!!!
Ouch! That really hurt!
You die...

.. .. .. .. #.
.# #.. ..#
.###.. ..###.
......###......
.....o)@...o...
....#..Oo.#....
. #_.<._# .
#o...o#
o...._.....
......###......
.###.. ..###.
#.. ..# #.. ..#


You could see a meat berserker (berserk) and 5 bags of meat.

Vanquished Creatures
  An orc (D)
1 creature vanquished.

Notes
Turn   | Place    | Note
-------+----------+-------------------------------------------
     0 | D        | Found the +∞ Axe of Woe
     0 | D        | boopmooplesden the Armataur Fighter began the quest for the
                  | Orb.
     0 | D        | Reached XP level 1. HP: 19/19 MP: 1/1
     1 | D        | Noticed a bag of meat
     2 | D        | Noticed a bag of meat
     3 | D        | Noticed a bag of meat
     3 | D        | Noticed a bag of meat
     4 | D        | Noticed a meat berserker
     4 | D        | Noticed a bag of meat
     7 | D        | Noticed a bag of meat
     9 | D        | Became a worshipper of Makhleb the Destroyer
    10 | D        | Killed a bag of meat
    10 | D        | Annihilated by a meat berserker

Illustrated notes

Levels and vault maps discovered:
D:        meatsprint

Action                     || total
---------------------------++-------
  Melee: Executioner's axe ||     1
